 Dungeon Crawl Stone Soup version 0.30.1-4-g462c640d31 (webtiles) character file.

Game seed: 11943174900266159448

630 Babbit the Chopper (level 7, -4/61 HPs)
             Began as a Minotaur Fighter on Sept 18, 2023.
             Killed by divine providence
             ... invoked by an orc priest
              (14 damage)
             ... on level 6 of the Dungeon.
             The game lasted 00:12:14 (4012 turns).

Babbit the Chopper (Minotaur Fighter)               Turns: 4012, Time: 00:12:15

Health: -4/61      AC: 10    Str: 22    XL:     7   Next: 24%
Magic:  6/6        EV: 10    Int:  5    God:
Gold:   411        SH:  5    Dex: 10    Spells: 6/6 levels left

rFire   . . .        a - +0 war axe
rCold   . . .        c - +1 buckler
rNeg    . . .        b - +0 scale mail
rPois   .            (helmet restricted)
rElec   .            i - +2 cloak
rCorr   .            (no gloves)
SInv    .            (no boots)
Will    .....        l - amulet of the acrobat Stlth
                     (no ring)
HPRegen 0.30/turn    (no ring)
MPRegen 0.10/turn

%: acrobat
@: lethally poisoned (-4 -> -8)
A: horns 2, retaliatory headbutt
a: no special abilities


You were on level 6 of the Dungeon.
You visited 1 branch of the dungeon, and saw 6 of its levels.

You collected 411 gold pieces.

Inventory:

Hand Weapons
 a - a +0 war axe (weapon)
Armour
 b - a +0 scale mail (worn)
 c - a +1 buckler (worn)
 i - a +2 cloak (worn)
Jewellery
 l - an amulet of the acrobat (around neck)
Wands
 o - a wand of flame (9)
Scrolls
 e - 4 scrolls of teleportation
 f - 2 scrolls of poison
 h - 3 scrolls of blinking
 k - a scroll of enchant armour
 m - a scroll of torment {unknown}
 n - 2 scrolls of amnesia {unknown}
 r - a scroll of enchant weapon {unknown}
 t - a scroll of noise {unknown}
 u - a scroll of vulnerability {unknown}
Potions
 d - 3 potions of might
 q - 2 potions of lignification


   Skills:
 + Level 5.5 Fighting
 + Level 6.5 Axes
 + Level 0.4 Throwing
 + Level 6.0 Armour
 + Level 1.2 Dodging
 + Level 4.4 Shields


You had 6 spell levels left.
You didn't know any spells.
Your spell library contained the following spells:

 Spells                   Type           Power      Damage    Failure   Level
 Foxfire                  Conj/Fire      0%         2x1d4     85%         1
 Slow                     Hex            0%         N/A       85%         1
 Confusing Touch          Hex            0%         N/A       99%         3
 Vampiric Draining        Necr           0%         2d6       99%         3
 Vhi's Electric Charge    Tloc/Air       0%         N/A       99%         3
 Arcjolt                  Conj/Air       0%         1d10      100%        5
 Fireball                 Conj/Fire      0%         3d3       100%        5
 Plasma Beam              Fire/Air       0%         2x1d11    100%        6
 Starburst                Conj/Fire      0%         6d3       100%        6
 Maxwell's Capacitive Co  Air            0%         ∞         100%        8


Dungeon Overview and Level Annotations

Branches:
Dungeon (6/15)
 Temple: D:4-7

Altars:
Uskayaw
The Shining One

Shops:
D:3 [


Innate Abilities, Weirdness & Mutations

You have a pair of horns on your head.
You reflexively headbutt those who attack you in melee.


Message History

Beogh smites you! The steam dragon bites you.
The steam dragon closely misses you.
You closely miss the steam dragon.
The steam dragon is severely wounded.
The steam dragon bites you but does no damage.
The steam dragon claws you but does no damage.
You barely miss the steam dragon.
The steam dragon is severely wounded.
You hit the water moccasin. The water moccasin bites you.
You are poisoned.
The water moccasin poisons you! You block the water moccasin's attack.
The steam dragon bites you but does no damage.
The steam dragon barely misses you.
You barely miss the steam dragon. You headbutt the steam dragon.
The steam dragon is severely wounded.
You completely miss the water moccasin.
You feel very sick. The water moccasin bites you!
* * * LOW HITPOINT WARNING * * *
The steam dragon bites you but does no damage.
The steam dragon misses you.
The water moccasin bites you but does no damage.
You barely miss the steam dragon.
The steam dragon is severely wounded.
You closely miss the water moccasin.
You feel sick. You block the water moccasin's attack.
The steam dragon barely misses you. The steam dragon claws you.
* * * LOW HITPOINT WARNING * * *
The water moccasin bites you but does no damage.
The steam dragon bites you.
* * * LOW HITPOINT WARNING * * *
You block the steam dragon's attack.
You slash the steam dragon!
You kill the steam dragon!
The steam dragon scales are intact enough to wear.
You hit the water moccasin.
You feel sick.
The water moccasin bites you but does no damage. x2
The orc priest invokes the aid of Beogh against you.
Beogh smites you!
You die...

#.##)###o#### #.#
#....# #{...###.#
####.###.#...##.#
#....D.....#.#
###.#§.......#
#..§§§.....#
###.§.....##
.############o....##
.......S@o{(.o...##
)##############.##
###


You could see a water moccasin, an orc priest and 2 orcs.

Vanquished Creatures
  A steam dragon (D:6)
  A sky beast (D:5)
  An ogre (D:5)
  2 kobold brigands
  2 hounds (D:5)
  3 iguanas
  Terence (D:3)
  3 gnolls (D:2)
  6 adders
  A white imp (D:3)
  2 dart slugs
  7 orcs (D:4)
  6 endoplasms
  A giant cockroach (D:4)
  7 goblins
  11 hobgoblins
  3 jackals (D:1)
  3 quokkas
  5 ball pythons
  5 bats
  4 frilled lizards
  18 kobolds
  4 rats
97 creatures vanquished.

Vanquished Creatures (others)
  A jelly (D:6)
1 creature vanquished.

Grand Total: 98 creatures vanquished

Notes
Turn   | Place    | Note
-------+----------+-------------------------------------------
     0 | D:1      | Babbit the Minotaur Fighter began the quest for the Orb.
     0 | D:1      | Reached XP level 1. HP: 19/19 MP: 0/0
    49 | D:1      | Reached XP level 2. HP: 25/27 MP: 1/1
   346 | D:1      | Reached XP level 3. HP: 33/33 MP: 2/2
  1030 | D:2      | Reached XP level 4. HP: 36/41 MP: 3/3
  1265 | D:2      | Found a faded altar of an unknown god.
  1861 | D:3      | Reached XP level 5. HP: 47/47 MP: 4/4
  2019 | D:3      | Noticed Terence
  2025 | D:3      | Killed Terence
  2236 | D:3      | Found Vastaoqoy's Antique Armour Boutique.
  2624 | D:4      | Reached skill level 5 in Axes
  2873 | D:4      | Reached skill level 5 in Armour
  2873 | D:4      | Reached XP level 6. HP: 44/53 MP: 5/5
  3133 | D:5      | Entered Level 5 of the Dungeon
  3222 | D:5      | Reached skill level 5 in Fighting
  3296 | D:5      | Found a glowing golden altar of the Shining One.
  3301 | D:5      | Found a hide-covered altar of Uskayaw.
  3571 | D:5      | Reached skill level 1 in Dodging
  3571 | D:5      | Reached XP level 7. HP: 61/61 MP: 6/6
  3855 | D:6      | Noticed a steam dragon
  4012 | D:6      | Killed a steam dragon
  4012 | D:6      | Killed from afar by an orc priest

Illustrated notes

Levels and vault maps discovered:
D:1:      lightli_arrival_maybe_door_vault, layout_basic, nrook_loot_triangle
D:2:      layout_loops_ring, serial_co_window_serial, co_window_paths_a,
          co_window_corner_a, co_window_of_opportunity_a, co_window_cross_1,
          co_window_corner_a, co_window_paths_c, co_window_corner_b,
          co_window_broadway_c, co_window_2corner, co_window_of_opportunity_b,
          co_window_4corner_b, glass_columns_b, glass_columns_b,
          glass_columns_c, shapermc_ecumenical_altar_pompeii,
          corexii_corridor_pit
D:3:      layout_rooms, serial_shops, shop, minmay_fractal_squares_diagonal_5,
          uniq_terence
D:4:      layout_gridville
D:5:      layout_basic, nicolae_overflow_hidden_temple
D:6:      layout_loops_ring, nemelex_spade_bored_becter,
          mainiacjoe_overflow_catwalk, minmay_temple_entry_trees

Skill      XL: |  1  2  3  4  5  6  7 |
---------------+----------------------+-----
Fighting       | 4 5 |  5.5
Shields        | 4 |  4.4
Axes           | 3 4 5 6 |  6.5
Armour         | 4 5 6 |  6.0
Dodging        | 1 |  1.2
Throwing       | |  0.4

Action                     |  1- 3 |  4- 6 |  7- 9 || total
---------------------------+-------+-------+-------++-------
  Melee: War axe           |    74 |   108 |    23 ||   205
         Headbutt          |     9 |    21 |     4 ||    34
  Throw: Dart              |       |     2 |     2 ||     4
    Use: Scroll            |     2 |     7 |     3 ||    12
 Armour: Scale mail        |    32 |    40 |    19 ||    91
  Dodge: Dodged            |    34 |    65 |    16 ||   115
  Block: Buckler           |    18 |    21 |     5 ||    44
